[Event "ICC tourney 2772 (25 5)"]
[Site "Internet Chess Club"]
[Date "2021.12.19"]
[Round "5"]
[White "KUCHIBHATLA, NITYA:NityaForever"]
[Black "ORSZAG, JAKE SPENCER:JakeOrszag"]
[Result "1-0"]
[ICCResult "Black checkmated"]
[WhiteElo "554"]
[BlackElo "397"]
[Opening "Scotch opening"]
[ECO "C44"]
[NIC "KP.10"]
[Time "17:00:16"]
[PlyCount "75"]
[TimeControl "1500+5"]

1. e4 e5 2. Nf3 Nc6 3. d4 Bd6 4. d5 Nd4 5. Nxd4 exd4 6. Qxd4 Qf6 7. Be3 Qxd4
8. Bxd4 f6 9. Be2 Be5 10. Bxe5 fxe5 11. O-O Nf6 12. Nc3 O-O 13. Bc4 d6 14.
f4 Bg4 15. h3 Bd7 16. Rad1 Rae8 17. f5 c6 18. dxc6+ Kh8 19. cxd7 Rd8 20.
Rxd6 Nxd7 21. Rfd1 Rfe8 22. Rxd7 Rxd7 23. Rxd7 a6 24. Rxb7 a5 25. Ra7 Rc8
26. Rxa5 h6 27. Be6 Rc6 28. Ra8+ Kh7 29. Bg8+ Kh8 30. Bd5+ Kh7 31. Bxc6 g5
32. Ra7+ Kg8 33. b4 h5 34. b5 g4 35. b6 Kf8 36. Rd7 Ke8 37. b7 Kf8 38. b8=Q#
{Black checkmated}
1-0

[Event "ICC tourney 2772 (25 5)"]
[Site "Internet Chess Club"]
[Date "2021.12.19"]
[Round "5"]
[White "LEE, PREM:PremL"]
[Black "WONG OKYERE, DARWIN  CAIUS:spicycanvas"]
[Result "0-1"]
[ICCResult "White checkmated"]
[WhiteElo "675"]
[BlackElo "836"]
[Opening "Giuoco Piano"]
[ECO "C54"]
[NIC "IG.02"]
[Time "17:00:18"]
[PlyCount "110"]
[TimeControl "1500+5"]

1. e4 e5 2. Nf3 Nc6 3. Bc4 Bc5 4. c3 Nf6 5. d3 d6 6. O-O Bg4 7. h3 Bh5 8.
Bg5 h6 9. Bh4 g5 10. g4 Nxg4 11. hxg4 Bxg4 12. Bg3 Bd4 13. cxd4 Nxd4 14.
Nbd2 Qf6 15. Kg2 O-O-O 16. Re1 Bh5 17. Re3 g4 18. Nh4 Bg6 19. Qxg4+ Kb8 20.
Qd1 Rhg8 21. Bd5 c6 22. Bc4 Rg7 23. Qa4 Bh5 24. Qb4 Nc2 25. Qb3 Nxe3+ 26.
fxe3 Qxh4 27. Nf1 Be2 28. Ba6 Bxf1+ 29. Kxf1 Qf6+ 30. Ke1 Rd7 31. Rc1 Rxg3
32. Rxc6 Rg1+ 33. Kd2 Qf2+ 34. Kc3 Rc1+ 35. Kb4 Rxc6 36. Ka3 Rxa6+ 37. Kb4
Rb6+ 38. Ka3 Rxb3+ 39. axb3 Qxe3 40. Ka2 Qxd3 41. Ka3 Rc7 42. Ka2 Rc1 43.
Ka3 Qb5 44. b4 Ra1+ 45. Kb3 a5 46. Kc3 Qxb4+ 47. Kd3 Rc1 48. Ke3 Qd4+ 49.
Kf3 Re1 50. Kg3 Qxe4 51. Kf2 h5 52. Kg3 Rf1 53. Kh3 Qg4+ 54. Kh2 Rf3 55. Kh1
Rh3# {White checkmated} 0-1

[Event "ICC tourney 2772 (25 5)"]
[Site "Internet Chess Club"]
[Date "2021.12.19"]
[Round "5"]
[White "Bhowmick, Ishaan:ishu13"]
[Black "ALKIN, IDO:alkini"]
[Result "0-1"]
[ICCResult "White resigns"]
[WhiteElo "703"]
[BlackElo "989"]
[Opening "Queen's pawn, Mason variation"]
[ECO "D00"]
[NIC "QP.08"]
[Time "17:00:53"]
[PlyCount "108"]
[TimeControl "1500+5"]

1. d4 d5 2. Bf4 Bf5 3. Nf3 Nf6 4. e3 e6 5. c4 Bd6 6. Bg5 h6 7. Bh4 c5 8.
cxd5 exd5 9. Bd3 Bxd3 10. Qxd3 c4 11. Qf5 Qd7 12. Qxd7+ Nbxd7 13. Nc3 Bb4
14. O-O g5 15. Bg3 Bxc3 16. bxc3 Ne4 17. Rac1 Nxg3 18. fxg3 O-O 19. Rcd1
Rae8 20. Rfe1 Kg7 21. g4 Re7 22. h4 f6 23. h5 Rfe8 24. Kf2 Re4 25. Nh2 Nb6
26. Rb1 R8e7 27. Rb5 Na4 28. Rxd5 Nxc3 29. Ra5 Rxe3 30. Rxe3 Nd1+ 31. Ke2
Nxe3 32. Rxa7 Nxg4+ 33. Kd2 Nxh2 34. Kc3 Rc7 35. d5 Kf7 36. d6 Rd7 37. Kxc4
Ke6 38. Kc5 Rxd6 39. Rxb7 Rd7 40. Rxd7 Kxd7 41. Kb6 Ng4 42. a4 Kc8 43. a5
Kb8 44. Kc6 Ne3 45. g3 Nf5 46. g4 Ne3 47. Kd6 Nxg4 48. Ke6 Ne5 49. Kxf6 g4
50. Kxe5 g3 51. Ke4 g2 52. Kf5 g1=Q 53. Kf6 Qg5+ 54. Ke6 Qxa5 {White
resigns} 0-1

[Event "ICC tourney 2772 (25 5)"]
[Site "Internet Chess Club"]
[Date "2021.12.19"]
[Round "5"]
[White "FROOM, JARED MICHAEL:littleprince428"]
[Black "MAZUR, BRODY:bmnyc"]
[Result "1-0"]
[ICCResult "Black checkmated"]
[WhiteElo "617"]
[BlackElo "406"]
[Opening "Giuoco Piano"]
[ECO "C54"]
[NIC "IG.02"]
[Time "17:00:12"]
[PlyCount "101"]
[TimeControl "1500+5"]

1. e4 e5 2. Nf3 Nc6 3. Bc4 Bc5 4. c3 Nf6 5. d4 exd4 6. cxd4 Bb6 7. Nc3 O-O
8. O-O Re8 9. Bg5 h6 10. Bh4 d6 11. Nd5 Bg4 12. Nxf6+ gxf6 13. h3 Bh5 14.
Qb3 Bxf3 15. Qxf3 Nxd4 16. Qg4+ Kf8 17. Rae1 Nc2 18. Rc1 Nd4 19. Rc3 Ba5 20.
Rg3 b5 21. Qg7+ Ke7 22. Bxf6+ Kd7 23. Bxd8 Raxd8 24. Qxf7+ Re7 25. Qd5 Bb6
26. Bxb5+ Nxb5 27. Qxb5+ c6 28. Qa6 Ke8 29. Rg8+ Kd7 30. Qb7+ Bc7 31. Rd1
Rxg8 32. Qxa7 Rxe4 33. a4 Rge8 34. a5 Re1+ 35. Rxe1 Rxe1+ 36. Kh2 d5+ 37. g3
Kc8 38. a6 Bb8 39. Qb7+ Kd8 40. Qxb8+ Kd7 41. a7 Re2 42. a8=Q Rxf2+ 43. Kg1
Re2 44. Qe8+ Kd6 45. Qxe2 Kc5 46. Qh5 Kc4 47. Qxh6 d4 48. Qhxc6+ Kd3 49.
Qa3+ Kd2 50. Qg2+ Kc1 51. Qa1# {Black checkmated} 1-0

[Event "ICC tourney 2772 (25 5)"]
[Site "Internet Chess Club"]
[Date "2021.12.19"]
[Round "5"]
[White "SPANTZEL, HEIDI:Unblinking"]
[Black "LaRose, Benjamin:benlarose"]
[Result "1-0"]
[ICCResult "Black checkmated"]
[WhiteElo "281"]
[BlackElo "555"]
[Opening "Giuoco Pianissimo: Italian four knights variation"]
[ECO "C47"]
[NIC "KP.06"]
[Time "17:00:53"]
[PlyCount "45"]
[TimeControl "1500+5"]

1. e4 e5 2. Nf3 Nc6 3. Nc3 Nf6 4. Bc4 Bc5 5. d3 h6 6. Nd5 Nxd5 7. exd5 Nd4
8. Be3 Nxf3+ 9. Qxf3 Bxe3 10. fxe3 d6 11. O-O Qg5 12. Qxf7+ Kd8 13. Qf3 Bg4
14. Qg3 h5 15. h3 h4 16. Qxg4 Qxe3+ 17. Rf2 Rf8 18. Qxh4+ g5 19. Qxg5+ Qxg5
20. Rxf8+ Kd7 21. Rxa8 Qd2 22. Rf1 Qxc2 23. Rf7# {Black checkmated} 1-0

[Event "ICC tourney 2772 (25 5)"]
[Site "Internet Chess Club"]
[Date "2021.12.19"]
[Round "5"]
[White "VIJEYANANDH, VISHNU:vishnuvijey"]
[Black "BHARGAVA, SAARTH:bsaarth"]
[Result "1/2-1/2"]
[ICCResult "Game drawn by mutual agreement"]
[WhiteElo "393"]
[BlackElo "952"]
[Opening "Giuoco Pianissimo: Italian four knights variation"]
[ECO "C50"]
[NIC "IG.02"]
[Time "17:02:26"]
[PlyCount "41"]
[TimeControl "1500+5"]

1. e4 e5 2. Nf3 Nc6 3. Bc4 Bc5 4. Nc3 Nf6 5. d3 h6 6. Be3 Bb6 7. O-O O-O 8.
Qd2 Bxe3 9. fxe3 d6 10. h3 Ne7 11. d4 Ng6 12. Qf2 Bd7 13. Rae1 a6 14. a3 b5
15. Bb3 a5 16. Nh4 Nxh4 17. Qxh4 b4 18. axb4 axb4 19. Nd5 Nxd5 20. Qxd8
Raxd8 21. Bxd5 {Game drawn by mutual agreement} 1/2-1/2

[Event "ICC tourney 2772 (25 5)"]
[Site "Internet Chess Club"]
[Date "2021.12.19"]
[Round "5"]
[White "WANG, WYTHE:megaespeon"]
[Black "LI, KATE LEYI:kately"]
[Result "1-0"]
[ICCResult "Black checkmated"]
[WhiteElo "436"]
[BlackElo "417"]
[Opening "Queen's pawn: London system"]
[ECO "A45"]
[NIC "QP.07"]
[Time "17:00:20"]
[PlyCount "163"]
[TimeControl "1500+5"]

1. d4 Nf6 2. Bf4 Nc6 3. e3 e6 4. Bd3 d6 5. Nf3 Bd7 6. c3 Be7 7. Nbd2 O-O 8.
O-O Nd5 9. Bg3 Bf6 10. Qb3 Nde7 11. Qxb7 e5 12. dxe5 dxe5 13. Qb3 Be6 14.
Bc4 Bxc4 15. Qxc4 Rb8 16. Nb3 Nf5 17. Rad1 Qe7 18. Qxc6 Rbd8 19. e4 Nd6 20.
Qc5 Nxe4 21. Qxe7 Bxe7 22. Rxd8 Bxd8 23. Re1 Nxg3 24. hxg3 f6 25. Nc5 Re8
26. g4 Be7 27. Ne4 g6 28. b4 Rf8 29. a3 f5 30. gxf5 gxf5 31. Ng3 f4 32. Ne4
h5 33. Kf1 h4 34. Ke2 Kg7 35. Rh1 Rh8 36. Nfd2 Kg6 37. g3 fxg3 38. fxg3 h3
39. Nc4 Kf5 40. Nf2 Rg8 41. Rxh3 e4 42. Nd2 Bg5 43. Nfxe4 Bxd2 44. Nxd2 Re8+
45. Kd3 Rd8+ 46. Kc2 Ke5 47. g4 Rg8 48. Rg3 Kf4 49. Nf1 Rxg4 50. Rxg4+ Kxg4
51. Nd2 Kf5 52. Nc4 Ke6 53. Na5 Kd6 54. c4 Kd7 55. c5 Kc8 56. Kc3 Kb8 57.
Kc4 Kc8 58. Kd5 Kd7 59. c6+ Kc8 60. b5 Kb8 61. Nc4 Ka8 62. a4 Kb8 63. a5 Ka8
64. b6 axb6 65. axb6 cxb6 66. Nxb6+ Ka7 67. Kd6 Kxb6 68. Kd7 Kc5 69. c7 Kb6
70. c8=Q Kb5 71. Qc7 Kb4 72. Qc6 Kb3 73. Qc5 Kb2 74. Qc4 Kb1 75. Qc3 Ka2 76.
Qb4 Ka1 77. Kd6 Ka2 78. Kd5 Ka1 79. Kd4 Ka2 80. Kd3 Ka1 81. Kc2 Ka2 82. Qb2#
{Black checkmated}
1-0

[Event "ICC tourney 2772 (25 5)"]
[Site "Internet Chess Club"]
[Date "2021.12.19"]
[Round "5"]
[White "WONG, ZOE:MYMChessZoe"]
[Black "KUCHIBHATLA, ARNAV:ArnavTheGreat"]
[Result "1-0"]
[ICCResult "Black checkmated"]
[WhiteElo "693"]
[BlackElo "866"]
[Opening "Scotch: Schmidt variation"]
[ECO "C45"]
[NIC "SO.04"]
[Time "17:00:18"]
[PlyCount "149"]
[TimeControl "1500+5"]

1. e4 e5 2. Nf3 Nc6 3. d4 exd4 4. Nxd4 Nf6 5. Nc3 Bc5 6. Be3 Bxd4 7. Bxd4 d6
8. h3 Nxd4 9. Qxd4 c5 10. Qd2 a6 11. Bd3 Be6 12. a3 c4 13. Be2 Rc8 14. O-O
O-O 15. Rad1 Qb6 16. Ra1 Rfd8 17. Rfe1 Qc6 18. Qe3 b5 19. Bf3 Qc5 20. Qxc5
Rxc5 21. Rad1 h6 22. e5 Ne8 23. exd6 Rxd6 24. Ne4 Rxd1 25. Rxd1 Re5 26. Rd8
Kf8 27. Nd6 Bf5 28. Nxf5 Rxf5 29. Bc6 Re5 30. Kf1 g5 31. Rxe8+ Rxe8 32. Bxe8
Kxe8 33. Ke2 Ke7 34. Ke3 f5 35. Kd4 Kd6 36. f3 h5 37. b3 cxb3 38. cxb3 a5
39. b4 a4 40. g3 h4 41. gxh4 gxh4 42. f4 Kc6 43. Ke5 Kb6 44. Kxf5 Kc6 45.
Kg5 Kd5 46. f5 Kd6 47. Kf6 Kd7 48. Kf7 Kd6 49. f6 Kd7 50. Kf8 Ke6 51. f7 Kf6
52. Kg8 Ke7 53. f8=Q+ Ke6 54. Qf7+ Ke5 55. Kg7 Kd4 56. Qe6 Kc3 57. Qd5 Kb2
58. Qxb5 Kxa3 59. Qc4 Kb2 60. Qd3 a3 61. Qxa3+ Kxa3 62. b5 Ka4 63. b6 Ka5
64. b7 Ka6 65. b8=Q Ka5 66. Kf6 Ka6 67. Ke6 Ka5 68. Qb7 Ka4 69. Qb6 Ka3 70.
Qb5 Ka2 71. Qb4 Ka1 72. Kd5 Ka2 73. Kd4 Ka1 74. Kc3 Ka2 75. Qb2#
{Black checkmated}
1-0

[Event "ICC tourney 2772 (25 5)"]
[Site "Internet Chess Club"]
[Date "2021.12.19"]
[Round "5"]
[White "TUDORACHE, CRISTIAN DUMITRU:K03-17327536"]
[Black "SINGH, JIYAN:mithu542"]
[Result "0-1"]
[ICCResult "White checkmated"]
[WhiteElo "997"]
[BlackElo "652"]
[Opening "Four knights: Italian variation"]
[ECO "C47"]
[NIC "KP.06"]
[Time "17:00:13"]
[PlyCount "152"]
[TimeControl "1500+5"]

1. e4 e5 2. Nf3 Nc6 3. Nc3 Nf6 4. Bc4 Nxe4 5. Nxe4 d5 6. Bd3 dxe4 7. Bxe4
Bg4 8. h3 Bh5 9. g4 Bg6 10. Bxc6+ bxc6 11. Nxe5 Qe7 12. Qe2 Bxc2 13. Nxc6
Qxe2+ 14. Kxe2 Be4 15. Re1 Bxc6 16. Kd3+ Kd7 17. Kc4 Bd6 18. d4 Rhe8 19. Be3
Rab8 20. b3 Re4 21. Kd3 Bb4 22. Rec1 Bd5 23. a3 Bd6 24. Rab1 Bf4 25. Rc5 c6
26. Ra5 Bxe3 27. fxe3 Ra8 28. b4 Re6 29. b5 Be4+ 30. Kd2 Bxb1 31. b6 Kc8 32.
Ra4 Kb7 33. bxa7 Rxa7 34. Rb4+ Kc7 35. Rxb1 Rxa3 36. Re1 Kb6 37. Rb1+ Kc7
38. Re1 Kd6 39. h4 c5 40. dxc5+ Kxc5 41. Rc1+ Kd5 42. Re1 Ke5 43. g5 f6 44.
gxf6 gxf6 45. Kc2 Ke4 46. Kd2 Kf3 47. Rf1+ Kg2 48. Re1 Kf2 49. e4 Kf3 50.
Rf1+ Kxe4 51. Re1+ Kf5 52. Rf1+ Ke5 53. Re1+ Kd6 54. Rd1 Ra5 55. Kc3+ Rd5
56. Ra1 Re4 57. Ra6+ Ke5 58. Ra8 Kf4 59. Ra1 Ke3 60. Re1+ Kf3 61. Rf1+ Kg4
62. Rg1+ Kxh4 63. Rh1+ Kg5 64. Rg1+ Kf5 65. Rf1+ Rf4 66. Rh1 Kg6 67. Rg1+
Rg5 68. Rd1 Rg3+ 69. Kd2 Rf2+ 70. Ke1 Rgf3 71. Rd8 Ra2 72. Rg8+ Kf7 73. Rc8
Rh3 74. Rc7+ Kg6 75. Rxh7 Rxh7 76. Kf1 Rh1# {White checkmated} 0-1

[Event "ICC tourney 2772 (25 5)"]
[Site "Internet Chess Club"]
[Date "2021.12.19"]
[Round "5"]
[White "MUNTYANU, ARSENLY:Arsenmunt"]
[Black "LIN, ARIS:ArisL"]
[Result "1-0"]
[ICCResult "Black checkmated"]
[WhiteElo "532"]
[BlackElo "760"]
[Opening "Dutch defense, Rubinstein variation"]
[ECO "A84"]
[NIC "HD.10"]
[Time "17:00:10"]
[PlyCount "125"]
[TimeControl "1500+5"]

1. d4 f5 2. c4 e6 3. Nc3 Nf6 4. Bg5 Be7 5. Nf3 O-O 6. Bxf6 Bxf6 7. e4 Re8 8.
e5 Bg5 9. h4 Bh6 10. Bd3 b6 11. O-O Bb7 12. d5 exd5 13. cxd5 d6 14. Bxf5
dxe5 15. Re1 Bf4 16. g3 Qf6 17. gxf4 Qxf5 18. fxe5 Nd7 19. e6 Nf6 20. Re5
Qg4+ 21. Kf1 Ba6+ 22. Ke1 Rad8 23. Rg5 Qc4 24. Qd4 Qf1+ 25. Kd2 Qxa1 26.
Qxf6 g6 27. Qf7+ Kh8 28. Kc2 Qf1 29. h5 Qxf2+ 30. Kb3 Rg8 31. hxg6 hxg6 32.
Rxg6 Rxg6 33. Qxg6 Qxf3 34. e7 Re8 35. Qxe8+ Kh7 36. Qh8+ Kxh8 37. e8=Q+ Kg7
38. Qd7+ Kg6 39. Qxc7 Qf8 40. Qxa7 Bc8 41. Qxb6+ Kg7 42. Qc7+ Kg8 43. d6
Be6+ 44. Ka4 Qe8+ 45. Nb5 Bd7 46. Qb6 Qa8+ 47. Qa5 Qe4+ 48. Qb4 Qc2+ 49.
Qb3+ Qxb3+ 50. axb3 Kf7 51. Kb4 Ke6 52. Kc5 Ke5 53. Nd4 Ke4 54. b4 Kd3 55.
b5 Ke4 56. b6 Bc8 57. Kc6 Kxd4 58. d7 Bxd7+ 59. Kxd7 Kc5 60. b7 Kb6 61.
b8=Q+ Ka6 62. Kc6 Ka5 63. Qb5# {Black checkmated} 1-0

[Event "ICC tourney 2772 (25 5)"]
[Site "Internet Chess Club"]
[Date "2021.12.19"]
[Round "5"]
[White "Gomorev, Tim:timmygm"]
[Black "PALAMARTHY, SHREYA:ShreyaP"]
[Result "1-0"]
[ICCResult "Black checkmated"]
[WhiteElo "801"]
[BlackElo "741"]
[Opening "Ruy Lopez: Berlin defense"]
[ECO "C65"]
[NIC "RL.07"]
[Time "17:00:15"]
[PlyCount "175"]
[TimeControl "1500+5"]

1. e4 e5 2. Nf3 Nc6 3. Bb5 Nf6 4. d3 d6 5. h3 Bd7 6. O-O a6 7. Ba4 b5 8. Bb3
Be6 9. Nc3 Be7 10. Bg5 h6 11. Bh4 O-O 12. Qd2 Nd7 13. Bxe7 Qxe7 14. Nd5 Bxd5
15. Bxd5 Ndb8 16. Qc3 Qe8 17. d4 b4 18. Qd3 Ra7 19. c3 bxc3 20. bxc3 exd4
21. cxd4 Nb4 22. Qc4 Nxd5 23. Qxd5 Qc6 24. Qxc6 Nxc6 25. Rac1 Nb4 26. a3 Nd3
27. Rc3 Nf4 28. Re1 Rc8 29. Kh2 c5 30. g3 Ne6 31. d5 Nd8 32. Nd4 Rac7 33.
Nf5 Rd7 34. Rb1 g6 35. Nxh6+ Kg7 36. Ng4 Re7 37. f3 f5 38. Nf2 Nf7 39. Rb6
Ra8 40. a4 fxe4 41. fxe4 Ng5 42. Re3 Nf7 43. h4 Raa7 44. a5 Reb7 45. Reb3
Nd8 46. Rxb7+ Rxb7 47. Rf3 Rf7 48. Rf4 Rxf4 49. gxf4 Kf6 50. Ng4+ Ke7 51. f5
gxf5 52. exf5 Nf7 53. f6+ Kf8 54. Ne3 Kg8 55. Kg3 Kh7 56. h5 Kh6 57. Kh4 Ne5
58. Nf5+ Kh7 59. Nxd6 c4 60. Ne4 Kh6 61. d6 Kh7 62. Kg5 Nf7+ 63. Kf5 Kh6 64.
Ke6 Nd8+ 65. Kd5 Kxh5 66. Kxc4 Kg6 67. Kc5 Kf7 68. Kb6 Ke6 69. Kxa6 Ke5 70.
Nc3 Kxf6 71. Kb6 Ke6 72. a6 Kxd6 73. a7 Ne6 74. a8=Q Ke5 75. Qa5+ Kd6 76.
Ne4+ Ke7 77. Qe5 Kd7 78. Nc5+ Nxc5 79. Qxc5 Ke6 80. Kc6 Kf6 81. Qd5 Ke7 82.
Qd6+ Kf7 83. Kd7 Kg7 84. Qe6 Kf8 85. Qe7+ Kg8 86. Ke6 Kh8 87. Kf6 Kg8 88.
Qg7# {Black checkmated} 1-0

[Event "ICC tourney 2772 (25 5)"]
[Site "Internet Chess Club"]
[Date "2021.12.19"]
[Round "5"]
[White "PRAKASAN, NEDAS:Nedas15"]
[Black "HARTSEL, AUGUST:augustha"]
[Result "1-0"]
[ICCResult "Black checkmated"]
[WhiteElo "304"]
[BlackElo "925"]
[Opening "French: exchange variation"]
[ECO "C01"]
[NIC "FR.01"]
[Time "17:00:16"]
[PlyCount "75"]
[TimeControl "1500+5"]

1. e4 e6 2. d4 d5 3. exd5 exd5 4. Nc3 Bf5 5. Bd3 Ne7 6. Bf4 Nbc6 7. Nf3 Nb4
8. Nb5 Na6 9. Be5 Bxd3 10. Qxd3 Ng6 11. Nc3 Be7 12. Bxg7 Rg8 13. Bh6 Qd6 14.
Qb5+ Qc6 15. Qxd5 Qxd5 16. Nxd5 c6 17. Nxe7 Nxe7 18. O-O Nf5 19. Rae1+ Kd7
20. Ne5+ Ke6 21. Nc4+ Kf6 22. Bf4 Nxd4 23. Be5+ Kf5 24. Bxd4 Rg6 25. Re5+
Kf4 26. Be3+ Kg4 27. h3+ Kh4 28. g3+ Kxh3 29. Rh5+ Kg4 30. Rh4+ Kf5 31. Nd6+
Ke5 32. Nxf7+ Kf6 33. Rf4+ Kg7 34. Bd4+ Kg8 35. Re1 Rf8 36. Re7 Rg7 37. Nh6+
Kh8 38. Bxg7# {Black checkmated} 1-0

[Event "ICC tourney 2772 (25 5)"]
[Site "Internet Chess Club"]
[Date "2021.12.19"]
[Round "6"]
[White "LIN, ARIS:ArisL"]
[Black "LEE, PREM:PremL"]
[Result "0-1"]
[ICCResult "White checkmated"]
[WhiteElo "760"]
[BlackElo "675"]
[Opening "Queen's pawn: Chigorin variation"]
[ECO "D00"]
[NIC "QP.08"]
[Time "18:31:31"]
[PlyCount "28"]
[TimeControl "1500+5"]

1. d4 d5 2. Nc3 Nf6 3. Bf4 Nc6 4. Nb5 e5 5. Bxe5 Nxe5 6. dxe5 Ne4 7. Qxd5
Qxd5 8. Nxc7+ Kd8 9. Nxd5 Be6 10. Nf4 Rc8 11. O-O-O+ Ke8 12. Ngh3 Bxa2 13.
f3 Nc5 14. e4 Nb3# {White checkmated} 0-1

[Event "ICC tourney 2772 (25 5)"]
[Site "Internet Chess Club"]
[Date "2021.12.19"]
[Round "6"]
[White "KOGAN, JONATHAN:jkshark"]
[Black "HECHT, HENRY:Henhec1001"]
[Result "0-1"]
[ICCResult "White checkmated"]
[WhiteElo "519"]
[BlackElo "988"]
[Opening "Sicilian: Anderssen variation"]
[ECO "B41"]
[NIC "SI.41"]
[Time "18:31:21"]
[PlyCount "42"]
[TimeControl "1500+5"]

1. e4 c5 2. Nf3 e6 3. d4 cxd4 4. Nxd4 Nf6 5. Nc3 Nc6 6. Nxc6 bxc6 7. Bc4 d5
8. exd5 cxd5 9. Bb5+ Bd7 10. Bxd7+ Qxd7 11. O-O Bd6 12. Be3 Rb8 13. b3 Be5
14. Bd2 Qc6 15. Qf3 Rc8 16. Na4 Bxa1 17. Rxa1 Qxc2 18. Bb4 Qc1+ 19. Rxc1
Rxc1+ 20. Qd1 Rxd1+ 21. Be1 Rxe1# {White checkmated} 0-1

[Event "ICC tourney 2772 (25 5)"]
[Site "Internet Chess Club"]
[Date "2021.12.19"]
[Round "6"]
[White "ORSZAG, JAKE SPENCER:JakeOrszag"]
[Black "WEI, STANLEY:K05-17311215"]
[Result "0-1"]
[ICCResult "White checkmated"]
[WhiteElo "397"]
[BlackElo "495"]
[Opening "Hungarian defense"]
[ECO "C50"]
[NIC "IG.03"]
[Time "18:31:28"]
[PlyCount "52"]
[TimeControl "1500+5"]

1. e4 e5 2. Bc4 Nc6 3. Nf3 Be7 4. d3 Nf6 5. Ng5 O-O 6. O-O h6 7. Nf3 d6 8.
d4 Na5 9. Bb5 a6 10. Ba4 b5 11. Bb3 Nxb3 12. cxb3 exd4 13. Nxd4 Nxe4 14. Re1
d5 15. Nc6 Qd6 16. Nxe7+ Qxe7 17. Qd3 Qf6 18. Qe2 Bg4 19. f3 Bh5 20. Rf1 Qg6
21. Nd2 Rfe8 22. Nxe4 Rxe4 23. fxe4 Bxe2 24. Re1 Bd3 25. Re3 Bxe4 26. Bd2
Qxg2# {White checkmated} 0-1

[Event "ICC tourney 2772 (25 5)"]
[Site "Internet Chess Club"]
[Date "2021.12.19"]
[Round "6"]
[White "LaRose, Benjamin:benlarose"]
[Black "QI, KEVIN:charmeleon16"]
[Result "0-1"]
[ICCResult "White checkmated"]
[WhiteElo "555"]
[BlackElo "550"]
[Opening "two knights defense"]
[ECO "C58"]
[NIC "KP.01"]
[Time "18:31:25"]
[PlyCount "44"]
[TimeControl "1500+5"]

1. e4 e5 2. Nf3 Nc6 3. Bc4 Nf6 4. Ng5 d5 5. exd5 Na5 6. Bb3 Nxb3 7. axb3
Nxd5 8. Nf3 e4 9. Nd4 c5 10. Nb5 Be7 11. Nxa7 Bd7 12. Na3 Rxa7 13. Nb5 Rxa1
14. c4 Bxb5 15. cxb5 O-O 16. d3 exd3 17. Qxd3 Rxc1+ 18. Ke2 Nf4+ 19. Ke3
Nxd3 20. Kd2 Rxh1 21. Kc3 Bf6+ 22. Kc4 Qd4# {White checkmated} 0-1

[Event "ICC tourney 2772 (25 5)"]
[Site "Internet Chess Club"]
[Date "2021.12.19"]
[Round "6"]
[White "CHU, LEON:Leonchu"]
[Black "CHADHA, MILAN DEV:MilanChadha"]
[Result "1-0"]
[ICCResult "Black checkmated"]
[WhiteElo "353"]
[BlackElo "564"]
[Opening "Two knights defense (Modern bishop's opening)"]
[ECO "C55"]
[NIC "IG.01"]
[Time "18:31:21"]
[PlyCount "91"]
[TimeControl "1500+5"]

1. e4 e5 2. Nf3 Nc6 3. Bc4 Nf6 4. d3 h6 5. Nc3 Bc5 6. O-O d6 7. h3 O-O 8.
Be3 Bb6 9. d4 exd4 10. Bxd4 Bxd4 11. Nxd4 d5 12. Nxc6 bxc6 13. exd5 cxd5 14.
Nxd5 Nxd5 15. Bxd5 Re8 16. Bxa8 Qxd1 17. Rfxd1 Bg4 18. hxg4 Rxa8 19. b4 Rb8
20. a3 a6 21. c4 c6 22. f4 g6 23. g3 c5 24. bxc5 Rc8 25. Rd6 Rxc5 26. Rxa6
Rxc4 27. Ra8+ Kg7 28. a4 Rc3 29. Kf2 g5 30. f5 Kf6 31. Ra6+ Ke5 32. Rxh6 Rc4
33. a5 Rxg4 34. a6 Rb4 35. a7 Rb2+ 36. Ke3 Rb3+ 37. Kd2 Rb2+ 38. Kc3 Rb7 39.
a8=Q Rc7+ 40. Rc6 Rd7 41. Rc5+ Kd6 42. Rd1+ Kxc5 43. Rxd7 Kb5 44. Qc8 Kb6
45. Rb7+ Ka5 46. Qa8# {Black checkmated} 1-0

[Event "ICC tourney 2772 (25 5)"]
[Site "Internet Chess Club"]
[Date "2021.12.19"]
[Round "6"]
[White "BHARGAVA, SAARTH:bsaarth"]
[Black "SINGH, JIYAN:mithu542"]
[Result "1-0"]
[ICCResult "Black checkmated"]
[WhiteElo "952"]
[BlackElo "652"]
[Opening "Giuoco Piano: four knights variation"]
[ECO "C50"]
[NIC "IG.02"]
[Time "18:31:28"]
[PlyCount "59"]
[TimeControl "1500+5"]

1. e4 e5 2. Nf3 Nc6 3. Bc4 Bc5 4. Nc3 Nf6 5. O-O O-O 6. d3 h6 7. Be3 Bb6 8.
Ne2 d6 9. h3 Be6 10. Bb3 Re8 11. Ng3 Qd7 12. Qd2 Na5 13. Rad1 Nxb3 14. axb3
d5 15. Nxe5 dxe4 16. Nxd7 Nxd7 17. Nxe4 Bf5 18. Bxb6 axb6 19. Rfe1 Nc5 20.
Nxc5 bxc5 21. Rxe8+ Rxe8 22. Re1 Rd8 23. g4 Be6 24. g5 Bxh3 25. gxh6 g6 26.
Qg5 Rd7 27. Re8+ Kh7 28. Rh8+ Kxh8 29. Qf6+ Kg8 30. Qg7# {Black checkmated}
1-0

[Event "ICC tourney 2772 (25 5)"]
[Site "Internet Chess Club"]
[Date "2021.12.19"]
[Round "6"]
[White "KARTHEISER, MATEO:MasterMateo15"]
[Black "BYSIEK, SYLVIA GRACE:SylviaGrace"]
[Result "0-1"]
[ICCResult "White checkmated"]
[WhiteElo "460"]
[BlackElo "743"]
[Opening "two knights defense: Ulvestad variation"]
[ECO "C57"]
[NIC "KP.01"]
[Time "18:31:31"]
[PlyCount "62"]
[TimeControl "1500+5"]

1. e4 e5 2. Nf3 Nc6 3. Bc4 Nf6 4. Ng5 d5 5. exd5 b5 6. Bxb5 Qxd5 7. Bxc6+
Qxc6 8. d4 Qxg2 9. Qf3 Bb7 10. Qxb7 Qxb7 11. dxe5 Qxh1+ 12. Ke2 h6 13. Nf3
Qxc1 14. exf6 Qxc2+ 15. Ke1 Bb4+ 16. Kf1 Qd1+ 17. Kg2 O-O 18. fxg7 Rfe8 19.
a3 Bd6 20. h4 Qe2 21. Nc3 Qd3 22. Nb5 Qxb5 23. Kh3 Qf5+ 24. Kg2 Qg4+ 25. Kh1
Qxf3+ 26. Kg1 Qg4+ 27. Kf1 Qh3+ 28. Kg1 Re4 29. f3 Qh2+ 30. Kf1 Bc5 31. fxe4
Qf2# {White checkmated} 0-1

[Event "ICC tourney 2772 (25 5)"]
[Site "Internet Chess Club"]
[Date "2021.12.19"]
[Round "6"]
[White "WU, DARREN:chessboy111"]
[Black "BYSIEK, JULIANA RENEE:JulianaRenee"]
[Result "1-0"]
[ICCResult "Black checkmated"]
[WhiteElo "724"]
[BlackElo "729"]
[Opening "Two knights defense"]
[ECO "C56"]
[NIC "KP.02"]
[Time "18:31:24"]
[PlyCount "49"]
[TimeControl "1500+5"]

1. e4 e5 2. Nf3 Nc6 3. d4 exd4 4. Bc4 Nf6 5. O-O Nxe4 6. Re1 d5 7. Bxd5 Qxd5
8. Nc3 Qf5 9. Nxe4 Be7 10. Ng3 Qg4 11. h3 Qg6 12. Nxd4 O-O 13. Nxc6 Qxc6 14.
Rxe7 b6 15. Re1 Bb7 16. Ne4 Rae8 17. f3 b5 18. Qd3 Qb6+ 19. Be3 Qa5 20. Ng5
g6 21. Qd4 Rd8 22. Qh4 h6 23. Qxh6 Rfe8 24. Qh7+ Kf8 25. Qxf7#
{Black checkmated}
1-0

[Event "ICC tourney 2772 (25 5)"]
[Site "Internet Chess Club"]
[Date "2021.12.19"]
[Round "6"]
[White "MUSTO, LUKE:reallopsidedhaw"]
[Black "WANG, KYLER:Kyler"]
[Result "1-0"]
[ICCResult "Black resigns"]
[WhiteElo "962"]
[BlackElo "592"]
[Opening "Giuoco Piano: four knights variation"]
[ECO "C26"]
[NIC "VG.02"]
[Time "18:31:20"]
[PlyCount "68"]
[TimeControl "1500+5"]

1. e4 e5 2. Bc4 Nf6 3. Nc3 Bc5 4. Nf3 Nc6 5. Bxf7+ Kxf7 6. Ng5+ Ke7 7. Nd5+
Ke8 8. Nxf6+ Qxf6 9. Nf3 Kf7 10. d3 Rf8 11. O-O Kg8 12. Bg5 Qf7 13. c3 d5
14. exd5 Qxd5 15. c4 Qd7 16. Qe2 h6 17. Be3 Bxe3 18. Qxe3 Rf5 19. Rad1 Nd4
20. Nh4 Rf4 21. Ng6 Rf5 22. Nxe5 Rg5 23. Nxd7 Bxd7 24. Qxd4 Rd8 25. Qxa7 Bc6
26. f3 Rd7 27. b4 Rd6 28. b5 Bd7 29. Qxb7 Rdg6 30. f4 Rg4 31. Qd5+ Be6 32.
Qa8+ Kh7 33. f5 Bxf5 34. Rxf5 R4g5 {Black resigns} 1-0